General information
			
			
        
        - name: BNet
 
        - type: Ladder team game (AT/RT)
 
        - host: Battle.net
 
        - saver: iggy_the_fisk
 
        
map: UpperKingdom 
        - players: 6
 
        - length: 103:56
 
        - speed: Fast
 - version: 1.22 W3XP
 - replay type:  

 
» download(711 KB)
Players
        team 1 (winner) 
              
              
» 
1st_Panzer_Div. (
teal | 76 APM | 7906 actions | 103:54)
              
 6 Demon Hunter 
 3 Immolation
 3 Evasion
 5 Pandaren Brewmaster 
 3 Breath of Fire
 2 Drunken Brawler
 4 Warden 
 2 Fan of Knives
 2 Blink
 1 Mountain King 
 1 Bash
 
                » actions 
                
                | Assign group hotkey | 901 |  | 
| Basic commands | 586 |  | 
| Build / train | 120 |  | 
| ESC pressed | 7 |  | 
| Enter build submenu | 30 |  | 
| Enter hero's abilities submenu | 20 |  | 
| Give item / drop item | 1 |  | 
| Remove unit from queue | 2 |  | 
| Right click | 2419 |  | 
| Select / deselect | 1132 |  | 
| Select group hotkey | 2269 |  | 
| Use ability | 417 |  | 
                7906 total
 » units 
                
                | Wisp | 35 |  | 
| Polar Furbolg Shaman | 1 |  | 
| Hippogryph | 11 |  | 
| Druid of the Talon | 1 |  | 
                48 total
 » upgrades
                
                | Strength of the Moon | 4 |  | 
| Moon Armor | 3 |  | 
| Well Spring | 1 |  | 
| Ultravision | 1 |  | 
| Nature's Blessing | 1 |  | 
| Hippogryph Taming | 1 |  | 
| Backpack | 1 |  | 
| Druid of the Talon Training | 1 |  | 
                13 total
 » buildings
                
                | Altar of Elders | 2 |  | 
| Moon Well | 11 |  | 
| Ancient of Wonders | 2 |  | 
| Tree of Ages | 2 |  | 
| Tree of Eternity | 1 |  | 
| Tree of Life | 4 |  | 
| Ancient of Wind | 3 |  | 
| Hunter's Hall | 1 |  | 
                26 total
 » build order
                00:34 Altar of Elders
00:58 Moon Well
01:39 Ancient of Wonders
02:04 Moon Well
03:37 Tree of Ages
04:26 Moon Well
07:16 Tree of Eternity
08:09 Tree of Life
11:05 Tree of Life
12:00 Moon Well
13:45 Ancient of Wind
13:50 Ancient of Wind
15:29 Tree of Life
16:30 Hunter's Hall
27:17 Tree of Ages
28:03 Ancient of Wind
29:07 Moon Well
29:21 Moon Well
29:29 Moon Well
29:30 Moon Well
29:31 Moon Well
30:05 Moon Well
30:21 Ancient of Wonders
30:23 Altar of Elders
31:17 Moon Well
36:26 Tree of Life
» items
                
                | Lesser Clarity Potion | 9 |  | 
| Orb of Venom | 1 |  | 
| Scroll of Regeneration | 7 |  | 
| Orb of Fire | 2 |  | 
| Scroll of Town Portal | 8 |  | 
| Staff of Sanctuary | 3 |  | 
| Potion of Healing | 2 |  | 
| Staff of Preservation | 1 |  | 
                33 total
  
               
              
              
iggy_the_fisk (
orange | 110 APM | 11459 actions | 103:55)
              
 6 Archmage 
 3 Blizzard
 2 Brilliance Aura
 1 Mass Teleport
 5 Blood Mage 
 3 Flame Strike
 2 Siphon Mana
 5 Pit Lord 
 3 Rain of Fire
 2 Cleaving Attack
 
                » actions 
                
                | Assign group hotkey | 386 |  | 
| Basic commands | 103 |  | 
| Build / train | 242 |  | 
| Enter build submenu | 184 |  | 
| Enter hero's abilities submenu | 16 |  | 
| Give item / drop item | 2 |  | 
| Remove unit from queue | 4 |  | 
| Right click | 5385 |  | 
| Select / deselect | 1076 |  | 
| Select group hotkey | 3346 |  | 
| Use ability | 715 |  | 
                11459 total
 » units 
                
                | Peasant | 38 |  | 
| Dragonhawk Rider | 18 |  | 
| Flying Machine | 3 |  | 
                59 total
 » upgrades
                
                | Masonry | 3 |  | 
| Lumber Harvesting | 2 |  | 
| Magic Sentry | 1 |  | 
| Animal War Training | 1 |  | 
| Swords | 3 |  | 
| Armor | 3 |  | 
                13 total
 » buildings
                
                | Altar of Kings | 4 |  | 
| Lumber Mill | 5 |  | 
| Farm | 12 |  | 
| Scout Tower | 181 |  | 
| Arcane Tower | 9 |  | 
| Guard Tower | 88 |  | 
| Keep | 2 |  | 
| Arcane Vault | 5 |  | 
| Town Hall | 2 |  | 
| Castle | 1 |  | 
| Arcane Sanctum | 1 |  | 
| Gryphon Aviary | 3 |  | 
| Barracks | 1 |  | 
| Blacksmith | 2 |  | 
| Workshop | 1 |  | 
                317 total
 » build order
                00:04 Altar of Kings
00:19 Lumber Mill
00:23 Farm
00:54 Farm
01:21 Scout Tower
01:24 Scout Tower
01:35 Scout Tower
01:47 Arcane Tower
01:47 Arcane Tower
01:49 Scout Tower
01:59 Guard Tower
01:59 Guard Tower
01:59 Guard Tower
02:00 Guard Tower
02:03 Scout Tower
02:18 Arcane Tower
02:19 Arcane Tower
02:19 Arcane Tower
02:26 Scout Tower
02:29 Guard Tower
02:31 Scout Tower
02:39 Guard Tower
02:40 Guard Tower
02:41 Scout Tower
03:02 Arcane Tower
03:39 Scout Tower
03:51 Lumber Mill
03:54 Lumber Mill
03:59 Scout Tower
04:06 Guard Tower
04:07 Scout Tower
04:28 Guard Tower
04:36 Guard Tower
04:38 Scout Tower
04:43 Guard Tower
04:45 Scout Tower
05:08 Scout Tower
05:09 Guard Tower
05:36 Guard Tower
05:38 Scout Tower
05:40 Guard Tower
05:41 Scout Tower
05:45 Scout Tower
05:49 Scout Tower
06:03 Keep
06:29 Arcane Tower
06:31 Scout Tower
06:33 Guard Tower
06:34 Scout Tower
06:36 Scout Tower
06:38 Scout Tower
06:40 Guard Tower
06:41 Scout Tower
06:43 Scout Tower
06:44 Arcane Vault
06:48 Arcane Tower
06:49 Scout Tower
06:50 Scout Tower
06:52 Arcane Vault
07:40 Guard Tower
07:43 Scout Tower
07:45 Scout Tower
07:45 Scout Tower
07:52 Scout Tower
07:53 Scout Tower
07:58 Guard Tower
08:00 Scout Tower
08:03 Guard Tower
08:25 Guard Tower
08:32 Town Hall
08:54 Guard Tower
08:59 Scout Tower
09:00 Scout Tower
09:18 Scout Tower
09:19 Scout Tower
09:23 Scout Tower
09:23 Guard Tower
09:27 Farm
09:39 Farm
09:53 Guard Tower
09:59 Guard Tower
10:01 Scout Tower
10:02 Scout Tower
10:22 Guard Tower
10:35 Scout Tower
10:37 Scout Tower
10:39 Guard Tower
10:39 Guard Tower
10:40 Guard Tower
10:40 Guard Tower
10:44 Scout Tower
10:46 Scout Tower
11:12 Castle
11:28 Guard Tower
11:29 Scout Tower
11:30 Scout Tower
11:32 Guard Tower
11:34 Scout Tower
11:35 Scout Tower
11:49 Guard Tower
12:13 Guard Tower
12:15 Scout Tower
12:19 Scout Tower
12:19 Scout Tower
12:28 Guard Tower
12:39 Arcane Sanctum
12:53 Guard Tower
12:53 Guard Tower
12:54 Guard Tower
13:19 Guard Tower
13:20 Scout Tower
13:21 Scout Tower
13:23 Scout Tower
13:41 Scout Tower
13:57 Scout Tower
13:58 Scout Tower
14:01 Gryphon Aviary
14:22 Guard Tower
14:23 Scout Tower
14:24 Scout Tower
14:28 Scout Tower
15:33 Guard Tower
15:34 Scout Tower
15:35 Scout Tower
15:40 Barracks
15:42 Blacksmith
15:43 Guard Tower
15:46 Scout Tower
15:46 Scout Tower
15:48 Guard Tower
15:49 Scout Tower
15:50 Scout Tower
15:53 Scout Tower
16:19 Farm
16:22 Guard Tower
16:26 Scout Tower
16:27 Scout Tower
16:28 Guard Tower
16:29 Guard Tower
16:47 Scout Tower
16:48 Scout Tower
16:53 Guard Tower
16:56 Scout Tower
17:04 Guard Tower
17:48 Guard Tower
17:49 Scout Tower
17:51 Scout Tower
18:21 Guard Tower
18:25 Scout Tower
18:26 Scout Tower
18:27 Scout Tower
18:28 Scout Tower
18:35 Scout Tower
18:36 Scout Tower
18:37 Scout Tower
19:06 Guard Tower
19:28 Scout Tower
19:32 Guard Tower
20:11 Scout Tower
20:19 Guard Tower
20:22 Scout Tower
20:26 Guard Tower
20:43 Guard Tower
20:43 Guard Tower
20:44 Scout Tower
20:45 Scout Tower
20:46 Scout Tower
20:46 Scout Tower
20:55 Guard Tower
20:58 Scout Tower
20:59 Scout Tower
21:00 Scout Tower
21:01 Scout Tower
21:37 Guard Tower
22:23 Scout Tower
22:24 Scout Tower
22:25 Scout Tower
22:26 Scout Tower
22:28 Scout Tower
22:29 Scout Tower
22:30 Scout Tower
22:31 Scout Tower
22:37 Guard Tower
22:43 Scout Tower
22:44 Scout Tower
22:47 Guard Tower
22:57 Guard Tower
22:58 Scout Tower
23:02 Scout Tower
23:03 Scout Tower
23:03 Scout Tower
23:04 Scout Tower
23:29 Guard Tower
23:35 Scout Tower
23:39 Guard Tower
23:46 Scout Tower
23:49 Guard Tower
23:54 Scout Tower
23:57 Scout Tower
24:17 Guard Tower
24:19 Scout Tower
24:20 Scout Tower
24:20 Scout Tower
24:24 Guard Tower
24:26 Scout Tower
24:26 Scout Tower
24:27 Scout Tower
25:02 Guard Tower
25:07 Guard Tower
25:22 Scout Tower
25:23 Scout Tower
25:24 Scout Tower
25:25 Scout Tower
25:30 Scout Tower
25:37 Scout Tower
26:07 Guard Tower
26:07 Guard Tower
26:13 Guard Tower
26:29 Guard Tower
26:40 Scout Tower
26:42 Scout Tower
26:49 Guard Tower
26:51 Scout Tower
26:52 Scout Tower
26:53 Scout Tower
27:00 Guard Tower
27:03 Town Hall
27:04 Scout Tower
27:10 Guard Tower
27:11 Scout Tower
27:44 Guard Tower
27:46 Scout Tower
28:49 Gryphon Aviary
28:51 Gryphon Aviary
29:00 Scout Tower
29:00 Scout Tower
29:15 Arcane Vault
30:22 Guard Tower
30:23 Scout Tower
30:24 Scout Tower
30:52 Guard Tower
31:25 Guard Tower
31:27 Scout Tower
31:28 Scout Tower
31:29 Scout Tower
31:32 Farm
31:33 Farm
31:34 Farm
31:35 Farm
31:36 Farm
32:06 Scout Tower
32:07 Scout Tower
32:07 Scout Tower
32:08 Scout Tower
32:08 Scout Tower
32:09 Scout Tower
32:11 Scout Tower
32:12 Scout Tower
32:13 Scout Tower
32:13 Scout Tower
32:14 Scout Tower
32:15 Scout Tower
32:29 Farm
32:30 Farm
32:32 Lumber Mill
32:54 Guard Tower
32:56 Scout Tower
32:57 Scout Tower
32:58 Scout Tower
33:00 Scout Tower
33:01 Scout Tower
33:02 Scout Tower
33:04 Guard Tower
33:09 Scout Tower
33:10 Scout Tower
33:11 Scout Tower
33:14 Scout Tower
33:15 Scout Tower
33:38 Guard Tower
33:44 Guard Tower
34:11 Lumber Mill
34:13 Guard Tower
34:14 Scout Tower
34:15 Scout Tower
35:35 Arcane Vault
35:45 Arcane Vault
35:47 Guard Tower
35:55 Scout Tower
36:24 Guard Tower
36:26 Scout Tower
37:09 Keep
37:21 Altar of Kings
37:22 Altar of Kings
37:31 Guard Tower
41:04 Scout Tower
41:05 Scout Tower
41:06 Scout Tower
41:06 Scout Tower
41:07 Scout Tower
41:08 Scout Tower
41:11 Scout Tower
41:12 Scout Tower
41:15 Scout Tower
41:15 Scout Tower
41:16 Scout Tower
41:17 Scout Tower
41:33 Scout Tower
41:35 Scout Tower
41:36 Scout Tower
41:37 Scout Tower
41:38 Scout Tower
55:39 Blacksmith
56:17 Workshop
85:25 Altar of Kings
» items
                
                | Scroll of Regeneration | 17 |  | 
| Staff of Sanctuary | 3 |  | 
| Scroll of Town Portal | 23 |  | 
| Lesser Clarity Potion | 1 |  | 
| Potion of Healing | 3 |  | 
                47 total
  
               
              
              
» 
TIMG4STRok (
red | 78 APM | 8098 actions | 103:54)
              
 6 Archmage 
 3 Blizzard
 2 Brilliance Aura
 1 Mass Teleport
 6 Mountain King 
 3 Storm Bolt
 2 Bash
 1 Avatar
 
                » actions 
                
                | Assign group hotkey | 30 |  | 
| Basic commands | 110 |  | 
| Build / train | 183 |  | 
| ESC pressed | 10 |  | 
| Enter build submenu | 146 |  | 
| Enter hero's abilities submenu | 13 |  | 
| Give item / drop item | 10 |  | 
| Right click | 3623 |  | 
| Select / deselect | 592 |  | 
| Select group hotkey | 2633 |  | 
| Use ability | 748 |  | 
                8098 total
 » units 
                
                | Peasant | 24 |  | 
| Dragonhawk Rider | 15 |  | 
| Sorceress | 2 |  | 
| Priest | 2 |  | 
                43 total
 » upgrades
                
                | Masonry | 3 |  | 
| Magic Sentry | 1 |  | 
| Lumber Harvesting | 2 |  | 
| Cloud | 1 |  | 
| Animal War Training | 1 |  | 
| Armor | 3 |  | 
| Swords | 3 |  | 
| Sorceress Training | 2 |  | 
| Priest Training | 2 |  | 
                18 total
 » buildings
                
                | Altar of Kings | 1 |  | 
| Farm | 11 |  | 
| Scout Tower | 218 |  | 
| Lumber Mill | 1 |  | 
| Arcane Tower | 5 |  | 
| Guard Tower | 80 |  | 
| Keep | 1 |  | 
| Arcane Vault | 2 |  | 
| Arcane Sanctum | 1 |  | 
| Town Hall | 2 |  | 
| Castle | 1 |  | 
| Gryphon Aviary | 3 |  | 
| Barracks | 1 |  | 
| Blacksmith | 1 |  | 
                328 total
 » build order
                00:10 Altar of Kings
00:31 Farm
00:36 Scout Tower
00:42 Lumber Mill
00:46 Scout Tower
01:29 Arcane Tower
02:03 Arcane Tower
02:14 Farm
02:18 Scout Tower
02:23 Scout Tower
02:48 Guard Tower
02:49 Scout Tower
03:04 Guard Tower
03:05 Scout Tower
03:19 Guard Tower
03:49 Guard Tower
03:51 Scout Tower
04:22 Guard Tower
04:27 Scout Tower
04:34 Farm
05:12 Scout Tower
05:13 Guard Tower
05:15 Keep
05:20 Arcane Vault
05:23 Scout Tower
05:28 Scout Tower
05:29 Scout Tower
05:32 Scout Tower
05:33 Scout Tower
05:39 Scout Tower
05:41 Scout Tower
05:41 Scout Tower
05:43 Scout Tower
05:44 Scout Tower
05:45 Scout Tower
05:45 Scout Tower
06:07 Arcane Tower
06:11 Guard Tower
06:28 Guard Tower
06:31 Guard Tower
06:35 Scout Tower
06:36 Scout Tower
06:40 Scout Tower
06:41 Scout Tower
07:09 Guard Tower
07:13 Scout Tower
07:13 Scout Tower
07:14 Scout Tower
07:16 Scout Tower
07:18 Scout Tower
07:19 Scout Tower
07:22 Guard Tower
07:30 Guard Tower
07:38 Guard Tower
07:55 Arcane Sanctum
08:07 Guard Tower
08:52 Guard Tower
09:52 Guard Tower
09:54 Scout Tower
09:55 Scout Tower
09:56 Scout Tower
10:12 Town Hall
10:17 Scout Tower
10:18 Scout Tower
10:19 Scout Tower
10:19 Scout Tower
10:21 Scout Tower
10:22 Scout Tower
10:22 Scout Tower
10:23 Scout Tower
10:24 Scout Tower
10:29 Guard Tower
10:32 Farm
10:41 Scout Tower
10:47 Guard Tower
11:16 Guard Tower
11:30 Scout Tower
12:00 Guard Tower
12:02 Scout Tower
12:03 Scout Tower
12:32 Guard Tower
13:36 Guard Tower
13:39 Scout Tower
13:40 Scout Tower
13:51 Farm
13:54 Scout Tower
13:54 Scout Tower
14:14 Guard Tower
14:17 Scout Tower
14:19 Scout Tower
14:20 Scout Tower
14:22 Scout Tower
14:23 Scout Tower
14:27 Scout Tower
14:28 Scout Tower
14:30 Scout Tower
14:39 Guard Tower
14:48 Scout Tower
14:49 Scout Tower
14:50 Scout Tower
14:51 Scout Tower
14:52 Scout Tower
14:56 Arcane Vault
14:58 Castle
15:10 Scout Tower
15:11 Scout Tower
15:11 Scout Tower
15:15 Guard Tower
15:18 Gryphon Aviary
15:19 Gryphon Aviary
15:20 Gryphon Aviary
15:28 Guard Tower
15:31 Scout Tower
15:32 Scout Tower
15:32 Scout Tower
15:33 Scout Tower
15:40 Scout Tower
15:41 Scout Tower
15:42 Scout Tower
15:43 Scout Tower
15:44 Scout Tower
15:45 Scout Tower
15:46 Scout Tower
15:46 Scout Tower
16:41 Guard Tower
16:45 Scout Tower
16:46 Scout Tower
16:47 Scout Tower
16:48 Scout Tower
17:01 Guard Tower
17:32 Town Hall
17:38 Farm
17:41 Guard Tower
17:42 Scout Tower
17:42 Scout Tower
18:01 Guard Tower
18:12 Guard Tower
18:23 Guard Tower
18:32 Guard Tower
18:35 Scout Tower
18:36 Scout Tower
18:38 Scout Tower
18:40 Scout Tower
18:40 Scout Tower
18:43 Scout Tower
18:44 Scout Tower
18:46 Scout Tower
18:52 Guard Tower
18:53 Scout Tower
18:54 Scout Tower
18:55 Scout Tower
18:55 Scout Tower
20:13 Guard Tower
20:16 Scout Tower
20:16 Scout Tower
20:18 Scout Tower
20:18 Scout Tower
20:19 Scout Tower
20:20 Scout Tower
20:21 Scout Tower
20:21 Scout Tower
20:22 Scout Tower
20:23 Scout Tower
20:25 Scout Tower
20:26 Scout Tower
20:27 Scout Tower
20:28 Scout Tower
20:29 Scout Tower
20:32 Guard Tower
20:34 Scout Tower
20:34 Scout Tower
20:36 Scout Tower
20:36 Scout Tower
20:37 Scout Tower
20:56 Barracks
20:57 Blacksmith
21:14 Guard Tower
21:19 Guard Tower
22:07 Guard Tower
22:30 Scout Tower
22:31 Scout Tower
22:32 Scout Tower
22:34 Scout Tower
22:34 Scout Tower
22:35 Scout Tower
22:44 Scout Tower
22:45 Scout Tower
22:46 Scout Tower
22:46 Scout Tower
22:49 Farm
22:49 Farm
22:50 Farm
22:50 Farm
22:51 Farm
23:08 Guard Tower
23:12 Guard Tower
23:44 Guard Tower
23:46 Scout Tower
23:50 Scout Tower
23:51 Scout Tower
23:53 Scout Tower
23:53 Scout Tower
23:54 Scout Tower
24:06 Guard Tower
24:46 Guard Tower
24:48 Scout Tower
24:49 Scout Tower
24:50 Scout Tower
24:51 Scout Tower
25:32 Guard Tower
25:47 Scout Tower
25:47 Scout Tower
25:48 Scout Tower
25:48 Scout Tower
25:49 Scout Tower
25:50 Scout Tower
25:51 Scout Tower
25:52 Scout Tower
26:46 Guard Tower
27:07 Guard Tower
27:17 Scout Tower
27:18 Scout Tower
27:18 Scout Tower
27:19 Scout Tower
28:26 Guard Tower
28:31 Guard Tower
28:34 Guard Tower
28:46 Guard Tower
28:49 Scout Tower
28:50 Scout Tower
28:52 Scout Tower
28:53 Scout Tower
28:55 Scout Tower
28:56 Scout Tower
28:56 Scout Tower
28:57 Scout Tower
29:04 Guard Tower
29:06 Scout Tower
29:07 Scout Tower
29:07 Scout Tower
29:08 Scout Tower
30:13 Guard Tower
30:26 Guard Tower
30:54 Guard Tower
31:07 Guard Tower
31:10 Scout Tower
31:10 Scout Tower
31:11 Scout Tower
31:12 Scout Tower
31:18 Scout Tower
31:20 Scout Tower
31:21 Scout Tower
31:21 Scout Tower
31:41 Guard Tower
32:18 Guard Tower
32:47 Guard Tower
32:49 Guard Tower
33:27 Scout Tower
33:28 Scout Tower
33:29 Scout Tower
33:36 Scout Tower
33:43 Scout Tower
33:44 Scout Tower
33:46 Scout Tower
33:47 Scout Tower
33:49 Scout Tower
33:53 Guard Tower
34:03 Guard Tower
35:17 Guard Tower
35:18 Scout Tower
35:19 Scout Tower
35:22 Scout Tower
35:23 Scout Tower
35:24 Scout Tower
35:25 Scout Tower
35:28 Scout Tower
36:10 Guard Tower
36:15 Guard Tower
36:54 Guard Tower
37:19 Guard Tower
40:41 Scout Tower
40:41 Scout Tower
40:43 Scout Tower
40:43 Scout Tower
41:16 Guard Tower
42:37 Guard Tower
43:08 Scout Tower
43:09 Scout Tower
43:10 Scout Tower
43:11 Scout Tower
43:13 Scout Tower
43:15 Scout Tower
45:14 Guard Tower
52:34 Scout Tower
52:35 Scout Tower
52:35 Scout Tower
52:36 Scout Tower
52:37 Scout Tower
52:37 Scout Tower
55:23 Arcane Tower
57:15 Scout Tower
57:17 Scout Tower
57:19 Scout Tower
57:19 Scout Tower
57:20 Scout Tower
57:21 Scout Tower
61:43 Arcane Tower
68:17 Scout Tower
68:18 Scout Tower
68:19 Scout Tower
68:21 Scout Tower
69:10 Guard Tower
69:27 Guard Tower
69:50 Scout Tower
69:51 Scout Tower
69:52 Scout Tower
69:53 Scout Tower
69:54 Scout Tower
69:55 Scout Tower
69:56 Scout Tower
69:58 Guard Tower
70:41 Guard Tower
70:45 Guard Tower
71:36 Guard Tower
71:43 Guard Tower
72:18 Guard Tower
73:06 Guard Tower
73:24 Guard Tower
» items
                
                | Staff of Preservation | 1 |  | 
| Orb of Venom | 1 |  | 
| Staff of Sanctuary | 2 |  | 
| Potion of Healing | 2 |  | 
| Scroll of Town Portal | 13 |  | 
| Scroll of Regeneration | 1 |  | 
                20 total
  
               team 2 (loser) 
              
              
astonedkid (
pink | 64 APM | 6665 actions | 103:54)
              
 8 Keeper of the Grove 
 3 Entangling Roots
 3 Thorns Aura
 1 Tranquility
 1 Force of Nature
 7 Priestess of the Moon 
 3 Trueshot Aura
 2 Searing Arrows
 1 Starfall
 1 Scout
 
                » actions 
                
                | Assign group hotkey | 65 |  | 
| Basic commands | 9 |  | 
| Build / train | 120 |  | 
| Enter build submenu | 23 |  | 
| Enter hero's abilities submenu | 15 |  | 
| Give item / drop item | 3 |  | 
| Right click | 4070 |  | 
| Select / deselect | 982 |  | 
| Select group hotkey | 1202 |  | 
| Use ability | 176 |  | 
                6665 total
 » units 
                
                | Wisp | 26 |  | 
| Huntress | 4 |  | 
| Archer | 33 |  | 
| Glaive Thrower | 6 |  | 
| Chimaera | 6 |  | 
                75 total
 » upgrades
                
                | Strength of the Moon | 3 |  | 
| Moon Armor | 3 |  | 
| Improved Bows | 1 |  | 
| Vorpal Blades | 1 |  | 
| Marksmanship | 1 |  | 
| Ultravision | 1 |  | 
| Well Spring | 1 |  | 
| Strength of the Wild | 3 |  | 
| Reinforced Hides | 3 |  | 
| Nature's Blessing | 1 |  | 
| Corrosive Breath | 1 |  | 
                19 total
 » buildings
                
                | Altar of Elders | 1 |  | 
| Moon Well | 8 |  | 
| Hunter's Hall | 2 |  | 
| Ancient of War | 2 |  | 
| Tree of Life | 4 |  | 
| Tree of Ages | 1 |  | 
| Tree of Eternity | 1 |  | 
| Ancient of Wind | 1 |  | 
| Chimaera Roost | 3 |  | 
| Ancient of Wonders | 1 |  | 
                24 total
 » build order
                00:11 Altar of Elders
00:17 Moon Well
01:37 Hunter's Hall
01:42 Hunter's Hall
01:55 Ancient of War
02:24 Ancient of War
02:26 Moon Well
02:49 Moon Well
05:29 Tree of Life
06:20 Tree of Ages
07:08 Moon Well
09:48 Tree of Eternity
11:07 Moon Well
11:19 Moon Well
19:26 Moon Well
19:32 Moon Well
23:15 Ancient of Wind
28:00 Chimaera Roost
28:04 Chimaera Roost
28:06 Chimaera Roost
33:03 Tree of Life
45:27 Tree of Life
52:34 Tree of Life
61:34 Ancient of Wonders
» items
                
                | Scroll of Town Portal | 1 |  | 
| Potion of Healing | 3 |  | 
| Orb of Corruption | 1 |  | 
| Scroll of Healing | 1 |  | 
                6 total
  
               
              
              
HOOTIEnTheFISH (
green | 72 APM | 6214 actions | 86:51)
              
 8 Death Knight 
 3 Death Coil
 3 Unholy Aura
 1 Animate Dead
 1 Death Pact
 7 Lich 
 3 Frost Nova
 3 Frost Armor
 1 Death and Decay
 
                » actions 
                
                | Assign group hotkey | 34 |  | 
| Basic commands | 60 |  | 
| Build / train | 105 |  | 
| Enter build submenu | 35 |  | 
| Enter hero's abilities submenu | 15 |  | 
| Give item / drop item | 6 |  | 
| Remove unit from queue | 1 |  | 
| Right click | 2375 |  | 
| Select / deselect | 648 |  | 
| Select group hotkey | 2661 |  | 
| Use ability | 274 |  | 
                6214 total
 » units 
                
                | Acolyte | 21 |  | 
| Ghoul | 3 |  | 
| Crypt Fiend | 18 |  | 
| Obsidian Statue | 3 |  | 
| Frost Wyrm | 12 |  | 
| Banshee | 2 |  | 
                59 total
 » upgrades
                
                | Creature Attack | 3 |  | 
| Creature Carapace | 3 |  | 
| Web | 1 |  | 
| Destroyer Form | 1 |  | 
| Freezing Breath | 1 |  | 
| Burrow | 1 |  | 
| Banshee Training | 1 |  | 
                11 total
 » buildings
                
                | Crypt | 1 |  | 
| Graveyard | 1 |  | 
| Altar of Darkness | 1 |  | 
| Ziggurat | 15 |  | 
| Tomb of Relics | 1 |  | 
| Halls of the Dead | 1 |  | 
| Slaughterhouse | 1 |  | 
| Black Citadel | 1 |  | 
| Sacrificial Pit | 1 |  | 
| Boneyard | 2 |  | 
| Nerubian Tower | 4 |  | 
| Spirit Tower | 6 |  | 
| Temple of the Damned | 1 |  | 
                36 total
 » build order
                00:09 Crypt
00:13 Graveyard
00:29 Altar of Darkness
00:40 Ziggurat
00:55 Tomb of Relics
01:45 Ziggurat
03:16 Ziggurat
04:49 Halls of the Dead
05:41 Ziggurat
07:15 Slaughterhouse
07:59 Black Citadel
09:20 Ziggurat
09:53 Sacrificial Pit
10:45 Boneyard
11:12 Boneyard
11:14 Ziggurat
12:18 Nerubian Tower
12:19 Nerubian Tower
12:20 Spirit Tower
12:59 Ziggurat
13:14 Spirit Tower
13:15 Spirit Tower
14:24 Ziggurat
14:31 Ziggurat
34:33 Ziggurat
34:34 Ziggurat
34:35 Ziggurat
34:36 Ziggurat
35:41 Nerubian Tower
35:42 Nerubian Tower
35:43 Spirit Tower
35:44 Spirit Tower
35:45 Ziggurat
36:44 Spirit Tower
43:54 Ziggurat
67:10 Temple of the Damned
» items
                
                | Rod of Necromancy | 1 |  | 
| Orb of Corruption | 1 |  | 
| Scroll of Healing | 2 |  | 
| Potion of Healing | 1 |  | 
                5 total
  
               
              
              
LayOgurt (
yellow | 86 APM | 8973 actions | 103:54)
              
 6 Far Seer 
 3 Feral Spirit
 2 Chain Lighting
 1 Earth Quake
 7 Tauren Chieftain 
 3 Endurance Aura
 3 Shockwave
 1 Reincarnation
 5 Pandaren Brewmaster 
 3 Breath of Fire
 2 Drunken Haze
 
                » actions 
                
                | Assign group hotkey | 55 |  | 
| Basic commands | 48 |  | 
| Build / train | 112 |  | 
| ESC pressed | 6 |  | 
| Enter build submenu | 59 |  | 
| Enter hero's abilities submenu | 21 |  | 
| Give item / drop item | 3 |  | 
| Remove unit from queue | 1 |  | 
| Right click | 6486 |  | 
| Select / deselect | 1065 |  | 
| Select group hotkey | 819 |  | 
| Use ability | 298 |  | 
                8973 total
 » units 
                
                | Peon | 29 |  | 
| Grunt | 4 |  | 
| Troll Batrider | 9 |  | 
| Troll Witch Doctor | 11 |  | 
| Tauren | 8 |  | 
| Magnataur Warrior | 1 |  | 
                62 total
 » upgrades
                
                | Reinforced Defenses | 1 |  | 
| Liquid Fire | 1 |  | 
| Envenomed Spears | 1 |  | 
| Ranged Weapons | 2 |  | 
| Armor | 4 |  | 
| Witch Doctor Training | 2 |  | 
| Pulverize | 1 |  | 
| Melee Weapons | 2 |  | 
                14 total
 » buildings
                
                | Altar of Storms | 1 |  | 
| Orc Burrow | 9 |  | 
| Barracks | 1 |  | 
| Stronghold | 1 |  | 
| Fortress | 1 |  | 
| War Mill | 3 |  | 
| Voodoo Lounge | 2 |  | 
| Watch Tower | 24 |  | 
| Great Hall | 3 |  | 
| Beastiary | 4 |  | 
| Spirit Lodge | 1 |  | 
| Tauren Totem | 2 |  | 
                52 total
 » build order
                00:04 Altar of Storms
00:19 Orc Burrow
00:35 Barracks
01:26 Orc Burrow
02:49 Stronghold
05:14 Fortress
05:55 War Mill
06:32 Voodoo Lounge
07:01 Voodoo Lounge
07:22 Watch Tower
08:02 Great Hall
08:19 Orc Burrow
09:17 Beastiary
09:19 Beastiary
09:27 Watch Tower
10:56 Watch Tower
11:28 Watch Tower
11:30 Watch Tower
12:57 Watch Tower
13:22 Orc Burrow
13:50 Watch Tower
14:04 Watch Tower
14:16 Spirit Lodge
14:54 Beastiary
15:13 Orc Burrow
16:16 Orc Burrow
16:23 Great Hall
16:31 Beastiary
17:52 Watch Tower
17:53 Watch Tower
17:54 Watch Tower
18:44 Orc Burrow
18:58 Watch Tower
19:00 Watch Tower
19:02 Watch Tower
20:33 Tauren Totem
22:18 Tauren Totem
23:38 Orc Burrow
24:36 War Mill
24:39 War Mill
33:09 Watch Tower
33:17 Orc Burrow
42:34 Great Hall
42:35 Watch Tower
42:36 Watch Tower
42:59 Watch Tower
43:52 Watch Tower
43:53 Watch Tower
44:06 Watch Tower
45:21 Watch Tower
45:24 Watch Tower
45:25 Watch Tower
» items
                
                | Healing Salve | 3 |  | 
| Lesser Clarity Potion | 4 |  | 
| Orb of Lightning | 2 |  | 
| Scroll of Town Portal | 1 |  | 
                10 total
  
                Chat log
          (00:48 / Allies) 1st_Panzer_Div.: we towerign?
(01:31 / Allies) 1st_Panzer_Div.: wow huge ass tower
(01:57 / Allies) 1st_Panzer_Div.: Ima go dh/imo and panda
(02:01 / Allies) 1st_Panzer_Div.: cause I can
(03:56 / Allies) 1st_Panzer_Div.: towers?
(04:39 / Allies) 1st_Panzer_Div.: mnore towers?
(05:34 / Allies) 1st_Panzer_Div.: no shops
(05:36 / Allies) 1st_Panzer_Div.: sucks
(13:32 / Allies) 1st_Panzer_Div.: 2 heroes for 3 units
(13:36 / Allies) 1st_Panzer_Div.: we're losing this one :(
(14:05 / Allies) 1st_Panzer_Div.: sucks not having a shop
(15:39 / Allies) 1st_Panzer_Div.: awesoime
(15:43 / Allies) 1st_Panzer_Div.: we feed so much xp
(16:52 / Allies) 1st_Panzer_Div.: hmm
(28:18 / All) astonedkid: fucking annoying pricks
(28:22 / All) 1st_Panzer_Div.: yup
(32:32 / Allies) TIMG4STRok: sending towers
(35:23 / Allies) 1st_Panzer_Div.: fuck not turning off imo
(37:59 / Allies) 1st_Panzer_Div.: GIVE ME A FUCKING SORC
(38:50 / Allies) 1st_Panzer_Div.: I got 13500 gold btw
(39:31 / All) astonedkid: GO
(42:49 / Allies) 1st_Panzer_Div.: noob r me
(45:03 / All) iggy_the_fisk: green
(45:04 / All) iggy_the_fisk: you noob?
(47:06 / All) TIMG4STRok: YO HOLD ON PLZ
(47:09 / All) 1st_Panzer_Div.: game is too short
(47:10 / All) astonedkid: fuck you?
(47:14 / All) iggy_the_fisk: you a noob?
(47:15 / All) 1st_Panzer_Div.: nooo
(47:17 / All) astonedkid: no
(47:20 / All) 1st_Panzer_Div.: he has to piss
(47:21 / All) astonedkid: you guys are the fucking towering bitches
(49:04 / Allies) 1st_Panzer_Div.: fuckers
(49:24 / All) iggy_the_fisk: lmao green
(49:25 / All) iggy_the_fisk: you noob?
(49:50 / All) LayOgurt: kills me that you guys are so bad at this game too
(49:55 / All) TIMG4STRok: LOL
(49:56 / All) 1st_Panzer_Div.: what?
(49:56 / All) iggy_the_fisk: yeah and you lose it's hilarious
(49:58 / All) 1st_Panzer_Div.: haha
(49:59 / All) iggy_the_fisk: you must be biggie noobs
(50:00 / All) 1st_Panzer_Div.: if only you knew
(50:02 / All) TIMG4STRok: 1v1?
(50:05 / All) 1st_Panzer_Div.: how noob we are
(50:10 / All) iggy_the_fisk: i got this game yday
(50:12 / All) 1st_Panzer_Div.: you would shit your pants yestwerday
(50:14 / All) iggy_the_fisk: Ina  bag of burritos
(50:15 / All) 1st_Panzer_Div.: and eat it todaty
(50:18 / All) TIMG4STRok: http://highper.ch usually full of replays of us beating shitnoobs like you
(50:28 / All) TIMG4STRok: now im starting a collectiong of 200+ apm solos enjoy and learn
(50:40 / All) LayOgurt: congrats you know how to spam
(50:46 / All) TIMG4STRok: it's called micro
(50:49 / All) LayOgurt: uh huh
(50:52 / All) TIMG4STRok: look at a chart peaks and valleys retard
(50:53 / All) TIMG4STRok: peaks
(50:54 / All) TIMG4STRok: and
(50:55 / All) TIMG4STRok: valleys
(51:04 / All) LayOgurt: bro your fucking terrible just drop it
(51:05 / All) 1st_Panzer_Div.: my peaks are big
(51:12 / All) 1st_Panzer_Div.: and my valley is deep
(51:13 / All) iggy_the_fisk: peak like when you charged our towers in the beginning and thought you were winning
(51:23 / All) 1st_Panzer_Div.: dude they won
(51:23 / All) iggy_the_fisk: valley like now you're trying to save face in this horrible loss
(51:25 / All) 1st_Panzer_Div.: let's jsut quit
(51:33 / All) TIMG4STRok: "let's suicide half our army on an expansion that only has 1000 gold left and not even kill it"
(51:34 / All) 1st_Panzer_Div.:                       has left the building.
(51:35 / All) TIMG4STRok: remember that
(51:39 / All) TIMG4STRok: on top left
(51:41 / All) TIMG4STRok: do you
(54:00 / All) iggy_the_fisk: another sweet play by team shits
(54:17 / All) 1st_Panzer_Div.: I'm drinking chocolate milk right now
(54:18 / All) TIMG4STRok: remember when you lost your archers and potm and killed none of our heroes?
(54:20 / All) 1st_Panzer_Div.: it looks like shit
(54:27 / All) 1st_Panzer_Div.: oh those were the good days
(54:28 / All) iggy_the_fisk: you guys p bad at this game
(54:29 / All) TIMG4STRok: ?
(54:34 / All) 1st_Panzer_Div.: have we really been playing this for days already?
(54:35 / All) TIMG4STRok: remember when you lost this game
(54:36 / All) TIMG4STRok: ?
(54:42 / All) TIMG4STRok: ?
(57:06 / Allies) 1st_Panzer_Div.: we could use like 10 arcane towers
(57:11 / Allies) 1st_Panzer_Div.: in a line
(57:12 / Allies) 1st_Panzer_Div.: to make
(59:15 / All) TIMG4STRok: NICE!!!
(59:36 / Allies) 1st_Panzer_Div.: they turned up their map hacks
(60:00 / All) LayOgurt: SICK
(60:11 / All) HOOTIEnTheFISH: ur apm so hi u tele 2 heros at once?
(60:20 / All) 1st_Panzer_Div.: boo fucking yes
(60:21 / All) TIMG4STRok: cant
(60:23 / All) TIMG4STRok: retard
(60:25 / All) 1st_Panzer_Div.: can't wait for the solo following this
(60:27 / All) TIMG4STRok: it doesnt work like invis
(60:31 / All) iggy_the_fisk: the ownage is so hard I just lay back
(60:32 / All) HOOTIEnTheFISH: o no? lol u have 3 and all have tele and staves
(60:32 / All) TIMG4STRok: you cant staff eachother
(60:34 / All) HOOTIEnTheFISH: get a clue
(60:39 / Allies) 1st_Panzer_Div.: fuck you
(60:41 / Allies) 1st_Panzer_Div.: moving them around
(60:43 / All) iggy_the_fisk: enjoy this game
(60:44 / All) TIMG4STRok: try it out retard
(60:47 / All) iggy_the_fisk: chillin out
(60:50 / All) iggy_the_fisk: you noobs want gold?
(60:52 / All) 1st_Panzer_Div.: I have this great song you guys should hear
(60:54 / All) 1st_Panzer_Div.: ready?
(60:56 / All) HOOTIEnTheFISH: i dont need to..you cant kill you ..just tower like a fag
(60:57 / All) TIMG4STRok: you can have 2 sorcs invis eachother at the same time, cant have 2 heroes staff eachother
(61:16 / All) HOOTIEnTheFISH: TELE..and staves in your inv
(61:21 / All) HOOTIEnTheFISH: still cant tele 2 at once ..gj
(63:29 / All) 1st_Panzer_Div.: owned 
(63:42 / All) astonedkid: what your BM?
(63:53 / All) 1st_Panzer_Div.: we don't got a noob orc
(64:02 / All) astonedkid: uhh 
(64:10 / All) astonedkid: who said anythign about an orc
(64:18 / All) TIMG4STRok: you pick orc and undead nice
(64:26 / All) TIMG4STRok: orc and undead and you still lose
(72:07 / Allies) 1st_Panzer_Div.: ugh losing heroes
(72:10 / Allies) 1st_Panzer_Div.: sucjed
(73:08 / Allies) 1st_Panzer_Div.: me>
(74:32 / Allies) 1st_Panzer_Div.: shit
(74:35 / Allies) 1st_Panzer_Div.: we killed none?
(75:07 / Allies) 1st_Panzer_Div.: we need ghosts
(75:09 / Allies) 1st_Panzer_Div.: and nukes
(75:19 / All) TIMG4STRok: not the dead expansion.......
(78:04 / All) LayOgurt: gj pro
(78:12 / All) TIMG4STRok: wheres night elf army
(78:14 / All) 1st_Panzer_Div.: nice imba race
(78:14 / All) TIMG4STRok: ????
(78:19 / All) 1st_Panzer_Div.: I mean undead omg
(78:22 / All) 1st_Panzer_Div.: how noob can you get
(78:23 / All) 1st_Panzer_Div.: NC
(78:31 / All) 1st_Panzer_Div.: they're not even far apart on the keyboard
(78:34 / All) 1st_Panzer_Div.: not even 1 inch
(79:42 / Allies) 1st_Panzer_Div.: earthquake is bad
(81:24 / All) 1st_Panzer_Div.: wow
(81:27 / All) 1st_Panzer_Div.: some rpoes
(82:13 / All) TIMG4STRok: nice 1
(83:02 / Allies) 1st_Panzer_Div.: ivory tower it?
(85:22 / All) 1st_Panzer_Div.: so
(85:25 / All) 1st_Panzer_Div.: what happens
(85:32 / All) 1st_Panzer_Div.: to my anus
(86:51 / All) 1st_Panzer_Div.: but you still get a loss
(86:54 / All) TIMG4STRok: ROOFL
(86:55 / All) 1st_Panzer_Div.: and still lose 3 hours of your life
(87:00 / All) TIMG4STRok: how you feel
(87:01 / All) 1st_Panzer_Div.: ZOMG HAHA NOOB AS TROLL FUCKER
(87:05 / All) LayOgurt: well thats dumb
(87:10 / All) 1st_Panzer_Div.: youare
(87:11 / All) TIMG4STRok: i sit behind my tower and throw storm bolts and you plug pull
(87:11 / All) iggy_the_fisk: yeah you are *kapow*
(90:08 / All) LayOgurt: turtle wins the race
(90:14 / All) TIMG4STRok: skill wins the game
(90:40 / All) LayOgurt: guess you dont have many wins then
(90:42 / All) LayOgurt: ZING
(90:46 / All) TIMG4STRok: 1v1?
(90:46 / All) 1st_Panzer_Div.: zing you are good
(90:48 / All) 1st_Panzer_Div.: oh wait
(90:49 / All) TIMG4STRok: nice dodge, as expected
(90:50 / All) 1st_Panzer_Div.: no you're not
(90:52 / All) 1st_Panzer_Div.: if you were good
(90:58 / All) 1st_Panzer_Div.: you'd quit, cause you'd know you lost
(91:00 / All) LayOgurt: hahaha aight host it up
(91:01 / All) LayOgurt: right now
(91:04 / All) TIMG4STRok: leave retard
(91:09 / All) 1st_Panzer_Div.: right after you qq more
(91:09 / All) astonedkid: how about you leave
(91:14 / All) TIMG4STRok: i won?
(91:24 / All) astonedkid: howd you wi
(91:26 / All) astonedkid: lol
(95:16 / Allies) 1st_Panzer_Div.: I own at this
(95:37 / All) 1st_Panzer_Div.: you guys need wood?
(95:43 / All) LayOgurt: got plenty thanks tho
(95:44 / All) 1st_Panzer_Div.: I got over 50,000
(98:35 / All) iggy_the_fisk: how you guys doing
(100:45 / All) LayOgurt: aw found the building?
(100:49 / All) 1st_Panzer_Div.: nope
(102:52 / All) LayOgurt: hi guys
(102:57 / All) LayOgurt: wanna play